 Dungeon Crawl Stone Soup version 0.28-a0-1213-g0243856f03 (webtiles) character file.

Game seed: 5593979719316007537

13682 rogsnak the Thaumaturge (level 11, -6/73 HPs)
             Began as a Demonspawn Air Elementalist on Dec 21, 2021.
             Was a High Priest of Sif Muna.
             Mangled by a boulder beetle (16 damage)
             ... on level 11 of the Dungeon on Dec 22, 2021.
             The game lasted 00:43:54 (14476 turns).

rogsnak the Thaumaturge (DsAE)                     Turns: 14476, Time: 00:43:56

Health: -6/73      AC: 13    Str:  8    XL:     11   Next: 78%
Magic:  15/34      EV: 13    Int: 27    God:    Sif Muna [*****.]
Gold:   801        SH:  0    Dex: 14    Spells: 18/31 levels left

rFire   + . .      SeeInvis +   l - +3 scimitar (vorpal)
rCold   + . .      Faith    .   (no shield)
rNeg    . . .      Spirit   .   z - +5 robe of Night {Dark Will+ SInv}
rPois   .          Reflect  .   (no helmet)
rElec   .          Harm     .   P - scarf {rC+ rF+}
rCorr   .          Rampage  .   I - +2 pair of gloves
Will    +....                   E - +2 pair of boots
Stlth   ++........              D - amulet of magic regeneration
HPRegen 0.22/turn               L - ring of magical power
MPRegen 0.64/turn               M - +6 ring of intelligence

@: no status effects
A: hooves 1, sturdy frame 2
a: Renounce Religion, Channel Magic, Forget Spell, Divine Exegesis


You were on level 11 of the Dungeon.
You worshipped Sif Muna.
Sif Muna was extremely pleased with you.
You visited 2 branches of the dungeon, and saw 13 of its levels.

You collected 801 gold pieces.

Inventory:

Hand Weapons
 a - a +2 spear of venom
 c - a +0 rapier of draining
 l - a +3 vorpal scimitar (weapon)
 T - a +2 long sword of freezing
Missiles
 w - 6 silver javelins
 x - 19 poisoned darts
Armour
 v - a +1 kite shield of reflection
 z - the +5 robe of Night (worn) {Dark Will+ SInv}
   (You found it on level 12 of the Dungeon)

   It shrouds the wearer in darkness, reducing the range at which they can see
   and be seen by others.
   SInv:      It lets you see invisible.
   Will:      It increases your willpower.
 E - a +2 pair of boots (worn)
 I - a +2 pair of gloves (worn)
 P - a scarf of resistance (worn)
 V - a +2 robe of fire resistance
Jewellery
 i - a ring of protection from fire
 m - a ring of flight
 u - a ring of ice
 D - an amulet of magic regeneration (around neck)
 F - a ring of poison resistance
 L - a ring of magical power (left hand)
 M - a +6 ring of intelligence (right hand)
 R - a ring of resist corrosion
 X - a ring of wizardry
Wands
 y - a wand of flame (52)
 B - a wand of digging (1)
 C - a wand of iceblast (8)
 O - a wand of mindburst (10)
 U - a wand of paralysis (6)
Scrolls
 k - 4 scrolls of amnesia {unknown}
 o - 2 scrolls of fear
 q - 2 scrolls of torment {unknown}
 s - 2 scrolls of summoning {unknown}
 H - 2 scrolls of magic mapping {unknown}
 K - 5 scrolls of teleportation {unknown}
 N - 2 scrolls of acquirement {unknown}
 S - a scroll of blinking
 W - a scroll of immolation {unknown}
 Y - a scroll of enchant weapon
 Z - 4 scrolls of enchant armour {unknown}
Potions
 b - a potion of invisibility {unknown}
 d - 3 potions of brilliance {unknown}
 f - 5 potions of cancellation {unknown}
 g - 2 potions of flight {unknown}
 h - a potion of resistance
 n - a potion of berserk rage
 p - 5 potions of lignification {unknown}
 r - 11 potions of curing
 t - 3 potions of heal wounds {unknown}
 A - 4 potions of attraction {unknown}
 G - a potion of mutation {unknown}
 J - a potion of ambrosia {unknown}
 Q - 2 potions of might {unknown}
Miscellaneous
 e - a box of beasts
 j - a piece from Xom's chessboard (15/15)


   Skills:
 + Level 2.4 Fighting
 + Level 3.4 Dodging
 - Level 1.7 Stealth
 + Level 10.9 Spellcasting
 * Level 10.0 Conjurations
 + Level 1.0 Ice Magic
 + Level 10.4 Air Magic


You had 18 spell levels left.
You knew the following spells:

 Your Spells              Type           Power      Damage    Failure   Level
a - Shock                 Conj/Air       100%       1d9       1%          1
b - Swiftness             Air            63%        N/A       1%          3
c - Airstrike             Air            31%        N/A       1%          4
d - Freezing Cloud        Conj/Ice/Air   26%        6-21      6%          5

Your spell library contained the following spells:

 Spells                   Type           Power      Damage    Failure   Level
 Static Discharge         Conj/Air       63%        N/A       1%          2
 Blink                    Tloc           28%        N/A       6%          2
 Conjure Ball Lightning   Conj/Air       31%        3x3d10    9%          6
 Alistair's Intoxication  Tmut/Pois      9%         N/A       73%         5
 Borgnjor's Vile Clutch   Necr/Erth      7%         N/A       73%         5
 Manifold Assault         Tloc           14%        N/A       73%         5
 Storm Form               Tmut/Air       21%        N/A       98%         7
 Eringya's Noxious Bog    Tmut/Pois      7%         N/A       99%         6
 Simulacrum               Ice/Necr       8%         N/A       99%         6
 Discord                  Hex            7%         N/A       100%        8
 Disjunction              Tloc           7%         N/A       100%        8
 Polar Vortex             Ice            10%        N/A       100%        9


Dungeon Overview and Level Annotations

Branches:
Dungeon (12/15)            Temple (1/1) D:4            Lair (0/6) D:8
    Orc (0/2) D:10

Altars:
Ashenzari
Cheibriados
Dithmenos
Elyvilon
Fedhas
Gozag
Hepliaklqana
Kikubaaqudgha
Makhleb
Nemelex Xobeh
Okawaru
Qazlal
Ru
Sif Muna
Trog
Uskayaw
Vehumet
Wu Jian
Xom
Yredelemnul
Zin
The Shining One

Shops:
D:8 **

Annotations:
D:8 4 runed translucent doors
D:10 4 runed translucent doors


Innate Abilities, Weirdness & Mutations

You have large cloven feet.
Your movements are less encumbered by armour. (ER -4)


Message History

The boulder beetle bites you!!
* * * LOW HITPOINT WARNING * * *
Unknown command.
Casting: Airstrike (mildly dangerous; 1% risk of failure)
Confirm with . or Enter, or press ? or * to list all spells.
Aiming: Airstrike (mildly dangerous; 1% risk of failure)
Press: ? - help, Dir - move target, f/p - boulder beetle
Aim: a boulder beetle (freezing vapour, heavily wounded, empty space bonus: 4/8)
Okay, then.
You feel better.
The boulder beetle is engulfed in freezing vapours.
The boulder beetle bites you!
* * * LOW HITPOINT WARNING * * *
An orc comes into view. It is wielding a +0 whip.
Unknown command.
The boulder beetle is engulfed in freezing vapours.
Unknown command.
Unknown command.
Press: ? - help, v - describe, . - travel
Here: a boulder beetle (almost dead)
The floor, spattered with blood.
Casting: Airstrike (mildly dangerous; 1% risk of failure)
Confirm with . or Enter, or press ? or * to list all spells.
Aiming: Airstrike (mildly dangerous; 1% risk of failure)
Press: ? - help, Dir - move target, f/p - boulder beetle
Aim: a boulder beetle (almost dead, empty space bonus: 5/8)
The air twists around and strikes the boulder beetle but does no damage.
The boulder beetle bites you.
* * * LOW HITPOINT WARNING * * *
Unknown command.
Unknown command.
Casting: Airstrike (mildly dangerous; 1% risk of failure)
Confirm with . or Enter, or press ? or * to list all spells.
Aiming: Airstrike (mildly dangerous; 1% risk of failure)
Press: ? - help, Dir - move target, f/p - boulder beetle
Aim: a boulder beetle (almost dead, empty space bonus: 5/8)
The air twists around and strikes the boulder beetle!
The boulder beetle is almost dead.
The boulder beetle bites you!
You die...

##### #...#
#####...# #.#
#...'...+ #.# #
#.###...#.#.# ..
#.# #.....#.# o..
#.###.#####§#§§o.
#....>†..@B§§§§..
#####.......##o..
#.#......# #
#.#.†....#
#.........#
###......#.#
#.......#. .


You could see a boulder beetle and an orc.

Vanquished Creatures
  A boulder beetle (D:12)
  A hydra (D:8)
  A two-headed ogre (D:8)
  Nergalle (D:10)
  Pikel (D:8)
  A cyclops (D:8)
  An unseen horror (D:10)
  5 dream sheep (D:12)
  A meliai zombie (D:10)
  Sigmund (D:3)
  4 shadows
  16 yaks
  Grum (D:10)
  2 steam dragons
  A water moccasin (D:7)
  Duvessa (D:5)
  An ice beast (D:6)
  2 black bears (D:8)
  8 orc warriors
  3 sky beasts
  A necrophage (D:8)
  3 ogres
  4 wolves (D:10)
  6 centaurs
  A phantom (D:6)
  A kobold brigand (D:2)
  2 gnoll sergeants
  6 bullfrogs
  3 scorpions
  Dowan (D:5)
  4 killer bees (D:8)
  6 wights
  6 electric eels (D:6)
  A howler monkey (D:11)
  2 centaur zombies
  A bullfrog zombie (D:4)
  3 hounds
  An orc priest (D:9)
  A jelly (D:6)
  2 gnoll shamans
  Natasha (thrice) (D:2)
  An iguana (D:6)
  8 orc wizards
  Terence (D:2)
  A killer bee zombie (D:7)
  A hound skeleton (D:5)
  A howler monkey zombie (D:8)
  24 gnolls
  12 adders
  A shadow imp (D:6)
  An ufetubus (D:6)
  An adder skeleton (D:4)
  A worm (D:5)
  A dart slug (D:3)
  41 orcs
  7 ball pythons
  4 bats
  6 endoplasms
  2 giant cockroaches
  24 goblins
  25 hobgoblins
  11 jackals
  2 quokkas (D:1)
  4 frilled lizards
  10 kobolds
  2 rats
303 creatures vanquished.

Vanquished Creatures (others)
  15 fungi (D:8)
  27 plants
42 creatures vanquished.

Grand Total: 345 creatures vanquished

Notes
Turn   | Place    | Note
-------+----------+-------------------------------------------
     0 | D:1      | rogsnak the Demonspawn Air Elementalist began the quest for
                  | the Orb.
     0 | D:1      | Reached XP level 1. HP: 13/13 MP: 3/3
   186 | D:1      | Gained mutation: Your movements are slightly less
                  | encumbered by armour. (ER -2) [demonic ancestry]
   186 | D:1      | Reached XP level 2. HP: 19/19 MP: 0/5
  1209 | D:2      | Reached XP level 3. HP: 22/24 MP: 4/6
  1431 | D:2      | Noticed Terence
  1441 | D:2      | Killed Terence
  1671 | D:2      | Noticed Natasha
  1676 | D:2      | Killed Natasha
  1677 | D:2      | Gained mutation: Your movements are less encumbered by
                  | armour. (ER -4) [demonic ancestry]
  1677 | D:2      | Reached XP level 4. HP: 30/30 MP: 1/8
  1965 | D:2      | Noticed Natasha
  1970 | D:2      | Killed Natasha
  2162 | D:2      | Found a faded altar of an unknown god.
  2485 | D:2      | Noticed Natasha
  2503 | D:2      | Killed Natasha
  2504 | D:2      | Gained mutation: You have large cloven feet. [demonic
                  | ancestry]
  2504 | D:2      | Reached XP level 5. HP: 20/35 MP: 3/9
  3177 | D:3      | Noticed Sigmund
  3803 | D:2      | Learned a level 3 spell: Swiftness
  3808 | D:2      | Learned a level 4 spell: Airstrike
  3820 | D:2      | Reached XP level 6. HP: 13/42 MP: 3/11
  4285 | D:3      | Killed Sigmund
  4854 | D:4      | Found an opulent altar of Gozag.
  5059 | D:4      | Reached XP level 7. HP: 39/47 MP: 6/13
  5176 | D:4      | Found a staircase to the Ecumenical Temple.
  5185 | Temple   | Entered the Ecumenical Temple
  5197 | Temple   | Became a worshipper of Sif Muna the Loreminder
  5719 | D:5      | Entered Level 5 of the Dungeon
  5736 | D:5      | Reached skill level 5 in Conjurations
  5805 | D:5      | Noticed Dowan
  6218 | D:5      | Found a broken altar of Ashenzari.
  6241 | D:5      | Reached skill level 1 in Fighting
  6323 | D:5      | Noticed Duvessa
  6338 | D:5      | Killed Dowan
  6384 | D:5      | Killed Duvessa
  6595 | D:6      | Reached XP level 8. HP: 54/54 MP: 11/15
  7166 | D:6      | Reached skill level 5 in Spellcasting
  7193 | D:6      | Reached skill level 5 in Air Magic
  7259 | D:6      | Reached * piety under Sif Muna
  7972 | D:6      | Reached ** piety under Sif Muna
  8283 | D:7      | Reached XP level 9. HP: 54/59 MP: 8/18
  8748 | D:8      | Found a large runed translucent door.
  9443 | D:8      | Reached *** piety under Sif Muna
  9511 | D:8      | Found a large runed translucent door.
  9512 | D:8      | Found a large runed translucent door.
  9512 | D:8      | Found a large runed translucent door.
  9516 | D:8      | Noticed a centaur warrior
  9516 | D:8      | Noticed a green ugly thing
  9713 | D:8      | Noticed Pikel
  9721 | D:8      | Killed Pikel
  9722 | D:8      | Reached XP level 10. HP: 66/66 MP: 9/22
  9825 | D:8      | Noticed a two-headed ogre
 10130 | D:8      | Found a stormy altar of Qazlal.
 10268 | D:8      | Found a staircase to the Lair.
 10321 | D:8      | Noticed an eight-headed hydra
 10362 | D:8      | Found Utaaf's Specific Store.
 10365 | D:8      | Found Yriuteag's General Store.
 10462 | D:8      | Killed a two-headed ogre
 10821 | D:8      | Noticed a cyclops
 11368 | D:8      | Killed a cyclops
 11596 | D:8      | Learned a level 5 spell: Freezing Cloud
 11658 | D:8      | Killed an eight-headed hydra
 12140 | D:9      | Reached **** piety under Sif Muna
 12141 | D:9      | Reached XP level 11. HP: 38/72 MP: 22/24
 12665 | D:10     | Entered Level 10 of the Dungeon
 12740 | D:10     | Found a huge runed translucent gate.
 12740 | D:10     | Found a huge runed translucent gate.
 12740 | D:10     | Found a huge runed translucent gate.
 12741 | D:10     | Found a huge runed translucent gate.
 12741 | D:10     | Noticed a death yak
 12894 | D:10     | Noticed Nergalle
 12899 | D:10     | Killed Nergalle
 12952 | D:10     | Reached skill level 10 in Spellcasting
 12952 | D:10     | Noticed Grum
 12956 | D:10     | Killed Grum
 13087 | D:10     | Found a staircase to the Orcish Mines.
 13539 | D:10     | Reached ***** piety under Sif Muna
 13993 | D:11     | Noticed a boulder beetle
 14001 | D:11     | Noticed a skeletal warrior
 14001 | D:11     | Noticed a skeletal warrior
 14003 | D:11     | Noticed a skeletal warrior
 14022 | D:12     | Killed a boulder beetle
 14023 | D:12     | Reached skill level 10 in Air Magic
 14218 | D:12     | Found the +5 robe of Night {Dark Will+ SInv}
 14425 | D:11     | Reached skill level 1 in Ice Magic
 14432 | D:11     | Reached skill level 10 in Conjurations
 14466 | D:11     | Noticed a boulder beetle
 14476 | D:11     | Mangled by a boulder beetle

Illustrated notes

Levels and vault maps discovered:
D:1:      scummos_arrival_simple_crosswalls, layout_basic, minivault_14
D:2:      layout_basic, ebering_ecumenical_altar_sacrificial, minivault_5,
          roderic_serpentine_path, chequers_big_river, hangedman_decor_points,
          uniq_terence, uniq_natasha
D:3:      layout_basic, palyth_stone_intersect, uniq_sigmund
D:4:      layout_gridville, pdpol_temple_overflow_zin_treasury_gozag_greed,
          minmay_temple_entry_mini_moons
D:5:      layout_loops_cross, mainiacjoe_overflow_concentric_impassable,
          uniq_duvessa
D:6:      minmay_goblin_kobold_castle, layout_rooms, minmay_joined_circles
D:7:      layout_rooms
D:8:      layout_basic, amcnicky_altar_gilded, grunt_lair_entry_orc_guard_hut,
          nicolae_specific_store, minmay_hollow_rounded_squares, uniq_pikel
D:9:      layout_roguey
D:10:     lemuel_bear_cage, layout_stronghold, orc_0_dummy, uniq_nergalle,
          uniq_grum
D:11:     layout_basic, uniq_erolcha
D:12:     minmay_concentric_multi, layout_loops_ring, serial_bayou,
          serial_bayou_ford_a, serial_bayou_pond_d, serial_bayou_pond_d,
          serial_bayou_pond_e, serial_bayou_lagoon_a,
          chequers_serial_rivers_micro_b, hellmonk_guarded_unrand_night,
          uniq_nessos
Temple:   compressed_dpeg_circular_temple

Skill      XL: |  1  2  3  4  5  6  7  8  9 10 11 |
---------------+----------------------------------+-----
Dodging        | 2 3 |  3.4
Air Magic      | 3 4 6 7 9 10 | 10.4
Conjurations   | 2 3 4 5 7 8 9 10 | 10.0
Spellcasting   | 3 4 6 8 9 10 | 10.9
Fighting       | 1 2 |  2.4
Ice Magic      | 1 |  1.0
Stealth        | |  1.7

Action                   |  1- 3 |  4- 6 |  7- 9 | 10-12 || total
-------------------------+-------+-------+-------+-------++-------
Melee: Unarmed           |     5 |       |       |       ||     5
       Mace              |     4 |       |       |       ||     4
       Short sword       |     2 |       |       |       ||     2
       Dagger            |     1 |    24 |    18 |       ||    43
       Long sword        |       |       |    14 |     5 ||    19
       Scimitar          |       |       |       |    34 ||    34
 Cast: Shock             |    63 |   119 |   207 |    99 ||   488
       Airstrike         |       |       |    73 |    89 ||   162
       Swiftness         |       |       |     2 |     3 ||     5
       Freezing Cloud    |       |       |       |    23 ||    23
Evoke: Piece from Xom's  |       |       |       |     1 ||     1
       Wand              |       |       |       |     1 ||     1
  Use: Scroll            |       |       |       |     9 ||     9
       Potion            |       |       |       |     1 ||     1
 Stab: Sleeping          |     1 |       |       |       ||     1
Armor: Robe              |     7 |     8 |    37 |    37 ||    89
       Leather armour    |       |     2 |       |       ||     2
Dodge: Dodged            |    19 |    23 |    71 |    44 ||   157

Table legend: (Time is in decaauts)
 A = Elapsed time spent in this place.
 B = Non-inter-level travel time spent in this place.
 C = Inter-level travel time spent in this place.
 D = Time resting spent in this place.
 E = Time spent auto-exploring this place.
 F = Levels seen in this place.
 G = Mean time per level.
                   A        B        C        D        E       F      G
               +--------+--------+--------+--------+--------+-----+--------+
         Total |  14518 |  14290 |    228 |   4059 |   5985 |  13 | 1116.8 |
       Dungeon |  14450 |  14222 |    228 |   4059 |   5985 |  12 | 1204.2 |
        Temple |     68 |     68 |      0 |      0 |      0 |   1 |   68.0 |
               +--------+--------+--------+--------+--------+-----+--------+

Top non-repeatable levels by time:
     D:6: 2106 daAuts
     D:2: 2037 daAuts
     D:8: 1659 daAuts
     D:7: 1527 daAuts
     D:3: 1413 daAuts
     D:1: 1202 daAuts
    D:10: 1134 daAuts
     D:4: 1004 daAuts
     D:9: 976 daAuts
     D:5: 699 daAuts
    D:12: 419 daAuts
    D:11: 268 daAuts
  Temple: 68 daAuts
